AoeStats
← benart

Black Forest

508718563Analyzed
4v4 RM · 8d ago on Sep 23, 2026· 22m 18s· 8 players
Game mode
Random Map
Map size
Large (8 player)
Population
200
Speed
Normal
Resources
Standard
Victory
Conquest
Starting age
Dark Age
Ending age
Imperial Age
RankedLock teamsTeams togetherTeam positionsShared explorationLock speedFull tech treeHidden civsTurbo modeCheats
Victory
Defeat
🇩🇪 Malay · Germany
1346
+13
🇩🇪 Gurjaras · Germany
1323
+14
🇩🇪 Cumans · Germany
1310
+14
🇩🇪 Franks · Germany
1271
+16
🇷🇴 Huns · Romania
1338
-17
🇫🇷 Persians · France
1310
-16
1257
-14
🇷🇴 Saracens · Romania
1177
-10
eXpertS-
6:35 Loom
12:11 Feudal Age
12:50 Horse Collar
12:59 Double-Bit Axe
Psychedelonaut
9:01 Loom
11:20 Feudal Age
12:33 Double-Bit Axe
15:02 Castle Age
13:32 Horse Collar
15:51 Wheelbarrow
Сергей Петрович
10:35 Feudal Age
14:27 Castle Age
13:31 Double-Bit Axe
13:32 Horse Collar
18:17 Pikeman
18:47 Pikeman
20:09 Squires
20:51 Scale Mail Armor
Vige
1:16 Loom
11:25 Feudal Age
16:42 Castle Age
14:55 Double-Bit Axe
14:59 Horse Collar
16:56 Wheelbarrow
18:12 Bow Saw
20:59 Scale Mail Armor
benart
6:33 Loom
9:24 Feudal Age
12:33 Double-Bit Axe
Trickshot
1:53 Loom
11:42 Feudal Age
14:20 Man-at-Arms
23:54 Castle Age
22:32 Double-Bit Axe
Wilma Raiden I.
10:12 Feudal Age
14:07 Castle Age
Spieler2
7:46 Loom
10:18 Feudal Age
14:20 Castle Age
12:08 Double-Bit Axe
13:15 Scale Barding Armor
Connection lost

Rejoining the realm…

Still unreachable

The connection could not be restored.

Session expired

The server has moved on; the page needs a fresh start.